 Dungeon Crawl Stone Soup version 0.17-a0-1562-g9b2c768 (webtiles) character file.

4685 ololoev the Reanimator (level 10, 0/63 HPs)
             Began as a Vampire Necromancer on July 17, 2015.
             Was a Follower of Ru.
             Hit by a large rock thrown by a cyclops (38 damage)
             ... on level 8 of the Dungeon on July 20, 2015.
             The game lasted 00:43:15 (9198 turns).

ololoev the Reanimator (Vampire Necromancer)        Turns: 9198, Time: 00:43:16

Health: 0/63       AC:  6    Str:  5    XL:     10   Next: 21%
Magic:  1/18       EV: 12    Int: 25    God:    Ru [*.....]
Gold:   309        SH:  7    Dex: 15    Spells: 5 memorised, 3 levels left

rFire  + + +     SeeInvis +     A - +2 short sword (venom)
rCold  . . .     Clarity  +     q - +0 robe of Tufiuxzo {rF+++ rN++ Str-2 Int+4}
rNeg   + + .     SustAt   .     t - +2 buckler
rPois  .         Gourm    .     I - +0 helmet
rElec  .         Spirit   .     H - +0 cloak
rCorr  .         Warding  .     d - +0 pair of gloves
rMut   .         Stasis   .     g - +0 pair of boots
MR     +....                    J - amulet of faith
Stlth  +++.......               e - ring of stealth
                                u - +3 ring of slaying

@: regenerating quickly, somewhat resistant to hostile enchantments, fairly
stealthy
A: fangs 3, talons 1, see invisible, clarity, mutation resistance 1,
unbreathing, hated by all
a: Renounce Religion


Innate Abilities, Weirdness & Mutations

Your natural rate of healing is unusually fast.
You have razor-sharp teeth.
You have supernaturally acute eyesight.
You can survive without breathing.
You are hated by all.
You have sharp toenails.
You possess an exceptional clarity of mind.
You are somewhat resistant to further mutation.

Inventory:

Hand weapons
 A - a +2 short sword of venom (weapon)
Armour
 d - a +0 pair of gloves (worn)
 g - a +0 pair of boots (worn)
 q - the +0 robe of Tufiuxzo (worn) {rF+++ rN++ Str-2 Int+4}
   (You took it off a gnoll on level 4 of the Dungeon)

   It affects your strength (-2).
   It affects your intelligence (+4).
   It renders you almost immune to fire.
   It greatly protects you from negative energy.
 t - a +2 buckler (worn)
 H - a +0 cloak (worn)
 I - a +0 helmet (worn)
Jewellery
 e - a ring of stealth (right hand)
 u - a +3 ring of slaying (left hand)
 y - an uncursed amulet of regeneration
 J - an amulet of faith (around neck)
Scrolls
 a - a scroll of remove curse
 i - a scroll of fog
 j - 2 scrolls of identify
 k - a scroll of teleportation
 p - a scroll of fear
 x - a scroll of magic mapping
 F - 2 scrolls of recharging
 G - 2 scrolls of enchant armour
Potions
 c - a potion of might
 f - 2 potions of invisibility
 h - 2 potions of resistance
 l - 2 potions of brilliance
 m - a potion of ambrosia
 n - 4 potions of curing
 o - 2 potions of agility
 r - a potion of lignification
 s - a potion of haste
 z - a potion of heal wounds
 C - a potion of magic
 D - 4 potions of flight
 E - a potion of cure mutation
Books
 b - a book of Necromancy

   Spells                             Type                      Level
   a - Pain                           Necromancy                   1
   b - Animate Skeleton               Necromancy                   1
   c - Vampiric Draining              Necromancy                   3
   d - Regeneration                   Charms/Necromancy            3
   e - Animate Dead                   Necromancy                   4
   f - Control Undead                 Necromancy                   4


   Skills:
 + Level 8.8 Short Blades
 - Level 2.1 Dodging
 - Level 3.0 Stealth
 - Level 5.1 Shields
 + Level 5.8 Spellcasting
 + Level 11.2 Necromancy


You had 3 spell levels left.
You knew the following spells:

 Your Spells              Type           Power        Failure   Level  Hunger
a - Agony                 Necr           ######..     1%          5    #####..
b - Vampiric Draining     Necr           ######....   1%          3    #......
c - Regeneration          Chrm/Necr      #####.....   1%          3    #......
d - Dispel Undead         Necr           ######..     1%          5    #####..
e - Pain                  Necr           ####         1%          1    None


You were on level 8 of the Dungeon.
You worshipped Ru.
Ru was aware of your devotion.
You were very full.

You visited 1 branch of the dungeon, and saw 8 of its levels.
You also visited: Sewer.

You collected 468 gold pieces.
You spent 159 gold pieces at shops.

###
######################..
.......................#
#........#######.#
####@#####......[..#
#.C.....########.#.#
#.#####.###### #.#.##
#[C####.#
#.##...###.#... #....C.#
#..........####
#..####(# #.##....####
#.# ##.#.# #..
###.#.##### ####
#.........#

Notes
Turn   | Place    | Note
--------------------------------------------------------------
     0 | D:1      | ololoev the Vampire Necromancer began the quest for the Orb.
     0 | D:1      | Reached XP level 1. HP: 13/13 MP: 3/3
   284 | D:1      | Reached XP level 2. HP: 10/19 MP: 5/5
   779 | D:1      | Reached skill level 5 in Necromancy
   939 | D:1      | Reached XP level 3. HP: 24/24 MP: 4/6
   944 | D:1      | Learned a level 3 spell: Vampiric Draining
  1060 | D:1      | Learned a level 3 spell: Regeneration
  1318 | D:1      | Upgraded the game from 0.17-a0-1534-gf98da79 to 0.17-a0-1562-g9b2c768
  1412 | D:2      | Found a shattered altar of Ashenzari.
  1517 | D:2      | Noticed Robin
  1656 | D:2      | Killed Robin
  1957 | D:2      | Reached XP level 4. HP: 30/30 MP: 8/8
  2275 | D:2      | Found an opulent altar of Gozag.
  2763 | D:3      | Reached skill level 6 in Necromancy
  2939 | D:3      | Reached XP level 5. HP: 32/35 MP: 4/9
  3042 | D:3      | Found a stormy altar of Qazlal.
  3045 | D:3      | Found a blossoming altar of Fedhas.
  3149 | D:3      | Noticed Natasha
  3159 | D:3      | Killed Natasha
  3278 | D:3      | Noticed Natasha
  3283 | D:3      | Killed Natasha
  3340 | D:4      | Reached skill level 7 in Necromancy
  3433 | D:4      | Found a radiant altar of Vehumet.
  3446 | D:4      | Reached XP level 6. HP: 23/41 MP: 0/11
  3597 | D:4      | Found a white marble altar of Elyvilon.
  3777 | D:4      | Found a sacrificial altar of Ru.
  3785 | D:4      | Became a worshipper of Ru the Awakened
  3893 | D:4      | Reached skill level 1 in Short Blades
  4199 | D:4      | Noticed a phantom
  4266 | D:4      | Killed a phantom
  4266 | D:4      | Reached XP level 7. HP: 46/46 MP: 7/13
  4351 | D:4      | Got an ancient robe
  4362 | D:4      | Identified the +0 robe of Tufiuxzo {rF+++ rN++ Str-2 Int+4} (You took it off a gnoll on level 4 of the Dungeon)
  4535 | D:5      | Entered Level 5 of the Dungeon
  4579 | D:5      | Reached skill level 8 in Necromancy
  4716 | D:5      | Found Qiopod's Antique Weapon Shop.
  4751 | D:5      | Found a staircase to the Ecumenical Temple.
  4764 | D:5      | Gained mutation: You have sharp toenails. [potion of mutation]
  4764 | D:5      | Gained mutation: You possess an exceptional clarity of mind. [potion of mutation]
  4764 | D:5      | Gained mutation: You are somewhat resistant to further mutation. [potion of mutation]
  4811 | D:5      | Found Ditzulaabenn's Food Boutique.
  4879 | D:5      | Reached skill level 1 in Shields
  5008 | D:5      | Found Onkatiam's Assorted Antiques.
  5037 | D:5      | Gained mutation: You are hated by all. [Ru sacrifice]
  5037 | D:5      | Acquired Ru's first power
  5044 | D:5      | Bought a scroll labeled YKHIXK VOL UFI for 23 gold pieces
  5044 | D:5      | Bought a scroll of identify for 46 gold pieces
  5044 | D:5      | Bought a scroll of identify for 46 gold pieces
  5044 | D:5      | Bought a bubbling puce potion for 20 gold pieces
  5618 | D:5      | Found Azayth's Distillery.
  5621 | D:5      | Bought a potion of degeneration for 12 gold pieces
  5621 | D:5      | Bought a potion of poison for 12 gold pieces
  5700 | D:6      | Reached XP level 8. HP: 38/52 MP: 9/14
  5733 | D:6      | Found a glowing drain.
  5761 | Sewer    | Entered a sewer
  5931 | Sewer    | Found a burning altar of Makhleb.
  6021 | Sewer    | Noticed Grinder
  6028 | Sewer    | Reached skill level 5 in Short Blades
  6041 | Sewer    | Killed Grinder
  6041 | Sewer    | Reached skill level 9 in Necromancy
  6049 | Sewer    | Noticed an apprentice kobold demonologist
  6057 | Sewer    | Killed an apprentice kobold demonologist
  6240 | D:6      | Found a basalt altar of Yredelemnul.
  6444 | D:6      | Reached XP level 9. HP: 57/57 MP: 12/15
  6527 | D:6      | Reached skill level 5 in Shields
  6577 | D:6      | Found a sparkling altar of Nemelex Xobeh.
  6908 | D:2      | Noticed Crazy Yiuf
  6916 | D:2      | Killed Crazy Yiuf
  7174 | D:7      | Noticed Pikel
  7188 | D:7      | Killed Pikel
  7188 | D:7      | Reached skill level 10 in Necromancy
  7411 | D:7      | Identified a scroll of acquirement
  7412 | D:7      | Identified the Tome of Sinister Magic (You acquired it on level 7 of the Dungeon)
  7418 | D:7      | Noticed Menkaure
  7419 | D:7      | Learned a level 5 spell: Agony
  7520 | D:7      | Learned a level 5 spell: Dispel Undead
  7546 | D:7      | Noticed a white ugly thing
  7557 | D:7      | Killed a white ugly thing
  7642 | D:7      | Killed Menkaure
  7642 | D:7      | Reached skill level 5 in Spellcasting
  8239 | D:7      | Reached XP level 10. HP: 56/63 MP: 10/18
  8536 | D:7      | Reached skill level 11 in Necromancy
  9067 | D:8      | Found a snail-covered altar of Cheibriados.
  9183 | D:8      | Noticed a cyclops
  9198 | D:8      | Hit by a large rock thrown by a cyclops

Dungeon Overview and Level Annotations

Branches:
Dungeon (8/15)             Temple (0/1) D:5
   Lair: D:8-11

Altars:
Ashenzari
Cheibriados
Elyvilon
Fedhas
Gozag
Nemelex Xobeh
Qazlal
Ru
Vehumet
Yredelemnul

Shops:
D:5 *!%(


Message History

A cyclops comes into view.
Found a scale mail.
Casting: Pain
Confirm with . or Enter, or press ? or * to list all spells.
Aiming: Agony
Press: ? - help, Shift-Dir - straight line, f - cyclops
Aim: a cyclops (resting, chance to defeat MR: 95%)
The cyclops shouts!
The cyclops convulses in agony!
The cyclops throws a large rock.
The large rock hits you!!
Casting: Agony
Confirm with . or Enter, or press ? or * to list all spells.
Aiming: Agony
Press: ? - help, Shift-Dir - straight line, f/p - cyclops
Aim: a cyclops (heavily wounded, chance to defeat MR: 95%)
The cyclops convulses in agony!
The cyclops throws a large rock.
The large rock closely misses you.
Casting: Agony
Confirm with . or Enter, or press ? or * to list all spells.
Your skin crawls.
You start resting.
Casting: Regeneration
Confirm with . or Enter, or press ? or * to list all spells.
Aiming: Agony
Press: ? - help, Shift-Dir - straight line, f/p - cyclops
Aim: a cyclops (severely wounded, chance to defeat MR: 95%)
The cyclops convulses in agony!
Your skin is crawling a little less now.
Casting: Agony
Confirm with . or Enter, or press ? or * to list all spells.
Aiming: Pain
Press: ? - help, Shift-Dir - straight line, f/p - cyclops
Aim: a cyclops (almost dead, chance to defeat MR: 71%)
The cyclops convulses in agony!
The cyclops throws a large rock.
The large rock hits you!
You start resting.
Your skin stops crawling.
The cyclops throws a large rock.
The large rock hits you!!!
Ouch! That really hurt!
You die...

You could see a cyclops.

Vanquished Creatures
  Pikel (D:7)
  An ugly thing (D:7)
  A kobold demonologist (Sewer)
  Grinder (Sewer)
  A spriggan (D:7)
  Menkaure (D:7)
  An ice beast (D:8)
  A black bear (D:7)
  An orc warrior (D:7)
  4 slaves (D:7)
  A water moccasin (D:8)
  A sky beast (D:6)
  A necrophage (D:6)
  2 ogres
  An eye of draining (D:6)
  A phantom (D:4)
  5 giant frogs
  3 big kobolds
  2 scorpions
  3 wights (D:7)
  A centaur zombie (D:6)
  6 electric eels (D:7)
  3 crimson imps
  5 orc wizards
  A jelly (D:7)
  Crazy Yiuf (D:2)
  2 iguanas
  3 orc priests
  2 giant frog zombies
  6 hounds
  A centaur skeleton (D:5)
  Natasha (twice) (D:3)
  3 worker ants
  5 big kobold zombies (Sewer)
  A hound skeleton (D:5)
  Robin (D:2)
  4 gnolls (D:4)
  9 adders
  3 shadow imps (Sewer)
  5 ufetubi (Sewer)
  3 oozes
  An adder zombie (D:5)
  An adder skeleton (D:4)
  2 worms
  24 orcs
  2 ball pythons (D:1)
  13 bats
  2 bat skeletons
  12 giant cockroaches
  25 goblins
  17 hobgoblins
  6 jackals
  2 quokkas
  A giant cockroach zombie (D:5)
  11 giant geckos
  A giant gecko skeleton (D:5)
  4 giant newts
  24 kobolds
  10 rats
258 creatures vanquished.

Vanquished Creatures (others)
  A jelly (D:7)
  2 kobold zombies (Sewer)
  2 plants (D:7)
5 creatures vanquished.

Grand Total: 263 creatures vanquished

Action                   |  1- 3 |  4- 6 |  7- 9 | 10-12 || total
-------------------------+-------+-------+-------+-------++-------
Melee: Dagger            |    88 |    93 |       |       ||   181
       Short sword       |       |    40 |   446 |    75 ||   561
 Cast: Pain              |    43 |    52 |    28 |    12 ||   135
       Vampiric Draining |     3 |     7 |    19 |       ||    29
       Regeneration      |       |     3 |     6 |     1 ||    10
       Agony             |       |       |     6 |    11 ||    17
       Dispel Undead     |       |       |     2 |       ||     2
Invok: Sacrifice Love    |       |       |     1 |       ||     1
Evoke: Wand              |       |       |     2 |       ||     2
  Use: Potion            |     1 |       |     3 |       ||     4
       Scroll            |       |     9 |    18 |     1 ||    28
 Stab: Sleeping          |     3 |     9 |    20 |     8 ||    40
       Distracted        |       |       |     1 |     1 ||     2
  Eat: Corpse            |    14 |    15 |    27 |     9 ||    65

Vault maps used:
D:1:      dpeg_chamrin_arrival_tetris, minivault_25, st_stairs_1
D:2:      nicolae_gozag_cash_rules_everything_around_me,
          overflow_temple_1_default, uniq_robin, uniq_crazy_yiuf_cottage
D:3:      grunt_temple_overflow_forces_of_nature, uniq_natasha
D:4:      old_standard_altar, vehumet_altar_wand_db, nicolae_ru_path_of_blood
D:5:      temple_fountains, first_bread, serial_shops, kennysheep_little_box,
          kennysheep_mini, shop, shop, minmay_misc_feat_cross
D:6:      lemuel_crystal_altar, nemelex_xobeh_ov_fountains_minmay,
          gup_sewer_entry_pipe
D:7:      wad_lake_hut, the_bakery, uniq_pikel, uniq_menkaure
D:8:      nicolae_overflow_crystal_walls, uniq_grum
Sewer:    kennysheep_sewer_church
